 Dungeon Crawl Stone Soup version 0.32-a0-981-g384da2ce10 (webtiles) character file.

Game seed: 3660137918208198360

10080 jasper the Thaumaturge (level 11, -11/83 HPs)
             Began as a Gnoll Earth Elementalist on Apr 20, 2024.
             Was a Believer of Vehumet.
             Mangled by a boulder beetle (20 damage)
             ... on level 11 of the Dungeon.
             The game lasted 00:16:16 (11442 turns).

jasper the Thaumaturge (Gnoll Earth Elementalist)  Turns: 11442, Time: 00:16:16

Health: -11/83     AC:  5    Str:  7    XL:     11   Next: 56%
Magic:  23/23      EV: 18    Int: 19    God:    Vehumet [**....]
Gold:   469        SH:  5    Dex: 13    Spells: 11/26 levels left

rFire   . . .        w - +5 scimitar (drain)
rCold   + . .        r - +0 buckler
rNeg    . . .        b - +0 troll leather armour
rPois   .            E - +0 helmet
rElec   .            (no cloak)
rCorr   .            (no gloves)
SInv    .            (no boots)
Will    .....        x - amulet of magic regeneration
Stlth   +++          c - +5 ring of evasion
HPRegen 1.13/turn    t - ring of protection from cold
MPRegen 0.58/turn

%: no passive effects
@: no status effects
A: fangs 1, strong nose, distributed training
a: Renounce Religion


You were on level 11 of the Dungeon.
You worshipped Vehumet.
Vehumet was pleased with you.
You visited 2 branches of the dungeon, and saw 12 of its levels.
You also visited: Sewer.

You collected 469 gold pieces.

Inventory:

Hand Weapons
 f - a +0 spear
 l - a +1 vampiric whip
 w - a +5 scimitar of draining (weapon)
 y - a +2 short sword of venom
 H - a +3 trident of draining
Missiles
 h - 62 stones
 n - 7 javelins
 p - 47 poisoned darts
 u - 2 throwing nets
 z - 4 curare-tipped darts
Armour
 a - a +0 robe
 b - a +0 troll leather armour (worn)
 e - an orb of energy
 j - a +0 robe of resistance
 r - a +0 buckler (worn)
 E - a +0 helmet (worn)
Jewellery
 c - a +5 ring of evasion (left hand)
 t - a ring of protection from cold (right hand)
 x - an amulet of magic regeneration (around neck)
 C - a ring of flight
 L - a ring of positive energy
Talismans
 I - a serpent talisman
Wands
 D - a wand of charming (11)
 K - a wand of warping (16)
 M - a wand of light (6)
Scrolls
 d - a scroll of immolation
 g - 4 scrolls of fear
 i - a scroll of butterflies
 k - a scroll of revelation
 q - 4 scrolls of noise
 B - 2 scrolls of fog
 O - 3 scrolls of identify
Potions
 m - 2 potions of brilliance
 o - 2 potions of lignification
 s - 4 potions of mutation
 v - 2 potions of haste {unknown}
 A - a potion of resistance {unknown}
 F - a potion of degeneration {unknown}
 G - 2 potions of berserk rage {unknown}
 J - a potion of cancellation {unknown}
 N - 2 potions of attraction {unknown}


   Skills:
 + Level 6.6 Fighting
 + Level 6.6 Short Blades
 + Level 6.6 Long Blades
 + Level 6.6 Axes
 + Level 6.6 Maces & Flails
 + Level 6.6 Polearms
 + Level 6.6 Staves
 + Level 6.6 Ranged Weapons
 + Level 6.6 Throwing
 + Level 6.6 Armour
 + Level 8.2 Dodging
 + Level 7.9 Stealth
 + Level 6.6 Shields
 + Level 6.6 Unarmed Combat
 + Level 8.4 Spellcasting
 + Level 6.0 Conjurations
 + Level 5.5 Hexes
 + Level 5.5 Summonings
 + Level 5.5 Necromancy
 + Level 5.5 Translocations
 + Level 5.5 Fire Magic
 + Level 5.5 Ice Magic
 + Level 5.5 Air Magic
 + Level 7.9 Earth Magic
 + Level 5.5 Alchemy
 + Level 7.3 Invocations
 + Level 6.6 Evocations
 + Level 6.0 Shapeshifting


You had 11 spell levels left.
You knew the following spells:

 Your Spells              Type           Power      Damage    Failure   Level
a - Sandblast             Erth           76%        2d16      1%          1
b - Passwall              Erth           38%        N/A       2%          3
c - Stone Arrow           Conj/Erth      68%        3d11      3%          3
d - Brom's Barrelling Bo  Conj/Erth      34%        2d5       11%         4
e - Fulminant Prism       Conj/Alch      14%        3d8       17%         4

Your spell library contained the following spells:

 Spells                   Type           Power      Damage    Failure   Level
 Scorch                   Fire           58%        2d7       3%          2
 Volatile Blastmotes      Fire/Tloc      58%        2d14      6%          3
 Petrify                  Alch/Erth      33%        N/A       12%         4
 Iskenderun's Mystic Bla Conj/Tloc 29%            2d7        (+2d3     17%         4


Dungeon Overview and Level Annotations

Branches:
Dungeon (11/15)            Temple (1/1) D:7            Lair (0/5) D:10
  Sewer (visited)
    Orc: D:9-12

Altars:
Ashenzari
Cheibriados
Dithmenos
Elyvilon
Fedhas
Gozag
Hepliaklqana
Kikubaaqudgha
Makhleb
Nemelex Xobeh
Okawaru
Qazlal
Ru
Sif Muna
Trog
Uskayaw
Vehumet
Wu Jian
Xom
Yredelemnul
Zin
The Shining One
Lugonu

Shops:
D:8 *


Innate Abilities, Weirdness & Mutations

You have very sharp teeth.
Your uncanny sense of smell can sniff out nearby items.
Your experience applies equally to all skills.


Message History

The yak is severely wounded.
The boulder beetle curls into a ball and begins rolling!
The yak barely misses you.
You barely miss the yak.
The yak is severely wounded.
The yak barely misses you.
You hit the yak. You drain the yak.
The yak is almost dead.
The yak gores you! The boulder beetle closely misses you.
The boulder beetle stops rolling and uncurls.
You take 7 damage, and have 66/83 hp.
You hit the yak but do no damage.
The yak is almost dead.
The yak gores you. The boulder beetle closely misses you.
The yak closely misses you.
You take 4 damage, and have 62/83 hp.
You slash the yak!
You kill the yak!
Vehumet accepts your kill. You block the boulder beetle's attack.
Your Conjurations skill increases to level 6!
You hit the yak. You drain the yak.
The yak is almost dead.
The boulder beetle barely misses you. The yak gores you but does no damage.
You closely miss the yak.
The yak is almost dead.
The boulder beetle bites you!! You block the yak's attack.
You take 16 damage, and have 48/83 hp.
You hit the yak.
The yak is almost dead.
The boulder beetle bites you! The yak gores you!
You take 14 damage, and have 34/83 hp.
You slash the yak!
You kill the yak!
Vehumet accepts your kill. The boulder beetle bites you!
The boulder beetle bites you!!
* * * LOW HITPOINT WARNING * * *
The boulder beetle attacks as it pursues you!
The boulder beetle bites you!!
You die...

## .. .# .#
##########.#
#.......B@.#
#.##########
#.# #.# ##.##
##...######
##..........
#.......#####
#............


You could see a boulder beetle (drained).

Vanquished Creatures
  A two-headed ogre (D:9)
  A kobold demonologist (D:10)
  Jeremiah (D:7)
  2 trolls
  A polar bear (D:9)
  Grinder (D:3)
  4 wyverns
  A wraith (D:7)
  7 yaks
  3 vampire mosquitoes (D:9)
  Menkaure (D:4)
  4 water moccasins
  4 ice beasts
  2 orc warriors
  2 sky beasts
  6 ogres
  A crocodile (Sewer)
  5 centaurs
  2 wolves (D:9)
  Blork the orc (D:4)
  12 kobold brigands
  A brain worm (Sewer)
  3 scorpions
  3 bullfrogs
  10 wights
  5 killer bees (D:9)
  4 electric eels
  3 bombardier beetles
  2 gnoll boudas
  8 orc priests
  3 hounds
  4 sleepcaps
  3 iguanas
  9 orc wizards
  Natasha (D:3)
  4 centaur simulacra (D:9)
  9 gnolls
  13 adders
  2 river rats (Sewer)
  2 shadow imps (D:7)
  5 white imps (D:9)
  2 ufetubi (D:9)
  3 dart slugs
  32 orcs
  4 endoplasms
  4 giant cockroaches
  4 goblins
  9 hobgoblins
  4 jackals (Sewer)
  35 kobolds
  5 quokkas
  6 ball pythons
  3 bats
  6 frilled lizards
  10 rats
283 creatures vanquished.

Vanquished Creatures (others)
  A kobold (D:8)
1 creature vanquished.

Grand Total: 284 creatures vanquished

Notes
Turn   | Place    | Note
-------+----------+-------------------------------------------
     0 | D:1      | jasper the Gnoll Earth Elementalist began the quest for the
                  | Orb.
     0 | D:1      | Reached XP level 1. HP: 13/13 MP: 6/6
   100 | D:1      | Reached XP level 2. HP: 19/19 MP: 2/7
   442 | D:1      | Reached skill level 5 in Spellcasting
   442 | D:1      | Reached XP level 3. HP: 25/25 MP: 6/9
   722 | D:1      | Found a faded altar of an unknown god.
   786 | D:2      | Reached skill level 1 in Invocations
   842 | D:2      | Reached skill level 1 in Fighting
   842 | D:2      | Reached skill level 1 in Short Blades
   842 | D:2      | Reached skill level 1 in Long Blades
   842 | D:2      | Reached skill level 1 in Axes
   842 | D:2      | Reached skill level 1 in Maces & Flails
   842 | D:2      | Reached skill level 1 in Polearms
   842 | D:2      | Reached skill level 1 in Staves
   842 | D:2      | Reached skill level 1 in Ranged Weapons
   842 | D:2      | Reached skill level 1 in Throwing
   842 | D:2      | Reached skill level 1 in Armour
   842 | D:2      | Reached skill level 1 in Shields
   842 | D:2      | Reached skill level 1 in Unarmed Combat
   842 | D:2      | Reached skill level 1 in Evocations
   964 | D:2      | Reached skill level 1 in Shapeshifting
   964 | D:2      | Reached XP level 4. HP: 32/32 MP: 8/11
  1397 | D:2      | Reached skill level 1 in Hexes
  1397 | D:2      | Reached skill level 1 in Summonings
  1397 | D:2      | Reached skill level 1 in Necromancy
  1397 | D:2      | Reached skill level 1 in Translocations
  1397 | D:2      | Reached skill level 1 in Fire Magic
  1397 | D:2      | Reached skill level 1 in Ice Magic
  1397 | D:2      | Reached skill level 1 in Air Magic
  1397 | D:2      | Reached skill level 1 in Alchemy
  1611 | D:2      | Identified the +1 ring mail "Wuosmisch" {SInv}
  1792 | D:3      | Found an ornate altar of the Wu Jian Council.
  1793 | D:3      | Noticed Natasha
  1798 | D:3      | Killed Natasha
  1801 | D:3      | Reached XP level 5. HP: 37/37 MP: 8/12
  1836 | D:3      | Learned a level 3 spell: Passwall
  1840 | D:3      | Learned a level 3 spell: Stone Arrow
  1845 | D:3      | Learned a level 4 spell: Brom's Barrelling Boulder
  2080 | D:3      | Noticed Grinder
  2092 | D:3      | Killed Grinder
  2093 | D:3      | Reached skill level 5 in Dodging
  2093 | D:3      | Reached XP level 6. HP: 3/44 MP: 5/14
  2264 | D:3      | Learned a level 4 spell: Fulminant Prism
  2547 | D:4      | Noticed Menkaure
  2553 | D:4      | Killed Menkaure
  2554 | D:4      | Reached XP level 7. HP: 40/51 MP: 7/15
  2693 | D:4      | Found an opulent altar of Gozag.
  2939 | D:4      | Noticed Blork the orc
  2945 | D:4      | Killed Blork the orc
  2959 | D:4      | Found a sacrificial altar of Ru.
  2997 | D:4      | Found a glowing drain.
  3008 | Sewer    | Entered a sewer
  3142 | Sewer    | Reached skill level 5 in Stealth
  3529 | Sewer    | Reached XP level 8. HP: 54/58 MP: 11/16
  4103 | D:5      | Entered Level 5 of the Dungeon
  4741 | D:5      | Found a stormy altar of Qazlal.
  5298 | D:6      | Reached XP level 9. HP: 65/65 MP: 13/18
  6080 | D:6      | You fall into a shaft and drop 3 floors!
  6120 | D:8      | Reached skill level 5 in Invocations
  6330 | D:8      | Noticed a troll
  6336 | D:8      | Killed a troll
  6585 | D:7      | Reached skill level 5 in Fighting
  6585 | D:7      | Reached skill level 5 in Short Blades
  6585 | D:7      | Reached skill level 5 in Long Blades
  6585 | D:7      | Reached skill level 5 in Axes
  6585 | D:7      | Reached skill level 5 in Maces & Flails
  6585 | D:7      | Reached skill level 5 in Polearms
  6585 | D:7      | Reached skill level 5 in Staves
  6585 | D:7      | Reached skill level 5 in Ranged Weapons
  6585 | D:7      | Reached skill level 5 in Throwing
  6585 | D:7      | Reached skill level 5 in Armour
  6585 | D:7      | Reached skill level 5 in Shields
  6585 | D:7      | Reached skill level 5 in Unarmed Combat
  6585 | D:7      | Reached skill level 5 in Evocations
  6585 | D:7      | Reached XP level 10. HP: 27/74 MP: 18/20
  6783 | D:7      | HP: 1/74 [wraith (9)]
  7116 | D:6      | Found a white marble altar of Elyvilon.
  7271 | D:6      | Found a hazy altar of Hepliaklqana.
  7298 | D:6      | Found a faded altar of an unknown god.
  7534 | D:7      | Found a staircase to the Ecumenical Temple.
  7669 | Temple   | Entered the Ecumenical Temple
  8000 | D:7      | Found an ancient bone altar of Kikubaaqudgha.
  8069 | D:7      | Noticed Jeremiah
  8094 | D:7      | Killed Jeremiah
  8095 | D:7      | Reached skill level 5 in Conjurations
  8202 | D:7      | Reached skill level 5 in Shapeshifting
  9238 | D:8      | Found a glowing golden altar of the Shining One.
  9261 | D:8      | Found Jubap's Demolitions Depot.
  9784 | D:9      | Found a radiant altar of Vehumet.
  9787 | D:9      | Found a sparkling altar of Nemelex Xobeh.
  9787 | D:9      | Found a blossoming altar of Fedhas.
  9792 | D:9      | Reached skill level 5 in Hexes
  9792 | D:9      | Reached skill level 5 in Summonings
  9792 | D:9      | Reached skill level 5 in Necromancy
  9792 | D:9      | Reached skill level 5 in Translocations
  9792 | D:9      | Reached skill level 5 in Fire Magic
  9792 | D:9      | Reached skill level 5 in Ice Magic
  9792 | D:9      | Reached skill level 5 in Air Magic
  9792 | D:9      | Reached skill level 5 in Alchemy
  9794 | D:9      | Reached XP level 11. HP: 64/81 MP: 20/22
  9801 | D:9      | Found a bloodstained altar of Trog.
  9801 | D:9      | Found a hide-covered altar of Uskayaw.
  9804 | D:9      | Became a worshipper of Vehumet
 10321 | D:9      | Reached * piety under Vehumet
 10321 | D:9      | Offered knowledge of Foxfire by Vehumet.
 10467 | D:9      | Noticed a two-headed ogre
 10476 | D:9      | Killed a two-headed ogre
 10802 | D:10     | Entered Level 10 of the Dungeon
 11143 | D:10     | Offered knowledge of Scorch by Vehumet.
 11347 | D:10     | Found a staircase to the Lair.
 11420 | D:11     | Reached ** piety under Vehumet
 11422 | D:11     | Noticed a boulder beetle
 11442 | D:11     | Mangled by a boulder beetle

Illustrated notes

Levels and vault maps discovered:
D:1:      saegor_arrival_miasma, layout_basic, ebering_ecumenical_altar_box
D:2:      layout_basic
D:3:      layout_basic, nicolae_wu_jian_wuxing_cycle, uniq_natasha, uniq_grinder
D:4:      layout_basic, mainiacjoe_overflow_brackets, old_standard_altar,
          portal_sewer_entry_d, uniq_blork_the_orc, uniq_menkaure,
          uniq_crazy_yiuf_cottage
D:5:      layout_basic, nicolae_overflow_crystal_walls
D:6:      layout_loops_corners, beargit_hepliaklqana_dungeon_heroes,
          nicolae_elyvilon_peaceful_grove
D:7:      layout_basic, mainiacjoe_overflow_tiny_flanked,
          minmay_temple_entry_glassed_door, uniq_jeremiah
D:8:      layout_cave_pools, tso_oasis_becter, serial_bayou,
          serial_bayou_crossing, serial_bayou_lake_a, serial_bayou_lagoon_a,
          serial_bayou_pond_c, nicolae_blasting_shop
D:9:      layout_cave_pods, grunt_temple_overflow_open, serial_ice,
          serial_ice_h, serial_ice_l, serial_ice_o, serial_ice_f, serial_ice_d,
          serial_ice_n, serial_ice_e, serial_ice_a, st_stairs_8
D:10:     layout_rooms, lair_entry_dummy
D:11:     layout_loops_ring, portal_ice_cave_entry_pillars_1, uniq_nergalle,
          uniq_psyche
Temple:   corrupted_temple

Skill      XL: |  1  2  3  4  5  6  7  8  9 10 11 |
---------------+----------------------------------+-----
Conjurations   | 2 3 4 5 6 |  6.0
Spellcasting   | 5 6 7 8 |  8.4
Invocations    | 1 2 3 4 5 6 7 |  7.3
Fighting       | 1 2 3 5 6 |  6.6
Short Blades   | 1 2 3 5 6 |  6.6
Long Blades    | 1 2 3 5 6 |  6.6
Axes           | 1 2 3 5 6 |  6.6
Maces & Flails | 1 2 3 5 6 |  6.6
Polearms       | 1 2 3 5 6 |  6.6
Staves         | 1 2 3 5 6 |  6.6
Ranged Weapons | 1 2 3 5 6 |  6.6
Throwing       | 1 2 3 5 6 |  6.6
Armour         | 1 2 3 5 6 |  6.6
Shields        | 1 2 3 5 6 |  6.6
Unarmed Combat | 1 2 3 5 6 |  6.6
Evocations     | 1 2 3 5 6 |  6.6
Shapeshifting  | 1 2 3 4 5 6 |  6.0
Hexes          | 1 2 3 4 5 |  5.5
Summonings     | 1 2 3 4 5 |  5.5
Necromancy     | 1 2 3 4 5 |  5.5
Translocations | 1 2 3 4 5 |  5.5
Fire Magic     | 1 2 3 4 5 |  5.5
Ice Magic      | 1 2 3 4 5 |  5.5
Air Magic      | 1 2 3 4 5 |  5.5
Alchemy        | 1 2 3 4 5 |  5.5
Dodging        | 5 6 7 8 |  8.2
Stealth        | 5 6 7 |  7.9
Earth Magic    | 6 7 |  7.9

Action                     |  1- 3 |  4- 6 |  7- 9 | 10-12 || total
---------------------------+-------+-------+-------+-------++-------
  Melee: Spear             |     2 |       |       |       ||     2
         Bite              |     1 |       |     2 |    15 ||    18
         Whip              |       |     1 |       |       ||     1
         Scimitar          |       |       |    13 |    75 ||    88
   Cast: Sandblast         |    39 |    40 |   159 |   245 ||   483
         Stone Arrow       |       |     3 |    30 |    64 ||    97
  Evoke: Wand              |       |       |       |     1 ||     1
    Use: Scroll            |       |       |    15 |     1 ||    16
         Potion            |       |       |     1 |     4 ||     5
 Armour: Robe              |     1 |    10 |    48 |    76 ||   135
         Troll leather arm |       |       |       |    84 ||    84
  Dodge: Dodged            |     5 |    15 |   105 |   277 ||   402
  Block: Buckler           |       |       |    44 |    94 ||   138

Table legend: (Time is in decaauts)
 A = Elapsed time spent in this place.
 B = Non-inter-level travel time spent in this place.
 C = Inter-level travel time spent in this place.
 D = Time resting spent in this place.
 E = Time spent auto-exploring this place.
 F = Levels seen in this place.
 G = Mean time per level.
                   A        B        C        D        E       F      G
               +--------+--------+--------+--------+--------+-----+--------+
         Total |  11938 |  11537 |    401 |    427 |   9165 |  13 |  918.3 |
       Dungeon |  10908 |  10507 |    401 |    427 |   8345 |  11 |  991.6 |
        Temple |      1 |      1 |      0 |      0 |      0 |   1 |    1.0 |
         Sewer |   1028 |   1028 |      0 |      0 |    820 |   1 | 1028.0 |
               +--------+--------+--------+--------+--------+-----+--------+

Top non-repeatable levels by time:
     D:9: 1581 daAuts
     D:7: 1578 daAuts
     D:6: 1371 daAuts
     D:8: 1229 daAuts
     D:5: 1191 daAuts
   Sewer: 1028 daAuts
     D:2: 990 daAuts
     D:4: 956 daAuts
     D:1: 797 daAuts
    D:10: 581 daAuts
     D:3: 551 daAuts
    D:11: 79 daAuts
  Temple: 1 daAuts
